 Dungeon Crawl Stone Soup version 0.30.1-3-gfc49f6343a (webtiles) character file.

Game seed: 1084487810603979780

110 KyoPewz the Cudgeller (level 4, -1/44 HPs)
             Began as an Ogre Gladiator on July 30, 2023.
             Slain by a river rat (6 damage)
             ... in a sewer.
             The game lasted 00:09:04 (2505 turns).

KyoPewz the Cudgeller (Ogre Gladiator)              Turns: 2505, Time: 00:09:04

Health: -1/44      AC:  3    Str: 20    XL:     4   Next: 91%
Magic:  4/4        EV: 10    Int:  9    God:
Gold:   99         SH:  0    Dex: 10    Spells: 3/3 levels left

rFire   . . .        a - +0 flail
rCold   . . .        (no shield)
rNeg    . . .        b - +0 robe
rPois   .            c - +0 hat
rElec   .            (no cloak)
rCorr   .            (gloves unavailable)
SInv    .            (boots unavailable)
Will    .....        (no amulet)
Stlth   +            (no ring)
HPRegen 0.27/turn    (no ring)
MPRegen 0.09/turn

%: no passive effects
@: attractive
A: large, unfitting armour, tough skin 1
a: no special abilities


You were in a sewer.
You visited 1 branch of the dungeon, and saw 3 of its levels.
You also visited: Sewer.

You collected 99 gold pieces.

Inventory:

Hand Weapons
 a - a +0 flail (weapon)
Missiles
 d - 3 throwing nets (quivered)
 g - 12 stones
 l - 5 poisoned darts
Armour
 b - a +0 robe (worn)
 c - a +0 hat (worn)
Wands
 q - a wand of charming (4)
Scrolls
 j - a scroll of immolation {unknown}
 k - a scroll of magic mapping {unknown}
 m - 3 scrolls of noise {unknown}
 o - a scroll of enchant weapon {unknown}
 r - a scroll of amnesia {unknown}
 t - a scroll of enchant armour {unknown}
 u - a scroll of vulnerability {unknown}
 v - a scroll of identify {unknown}
 w - a scroll of fog {unknown}
Potions
 f - a potion of mutation {unknown}
 h - 2 potions of curing {unknown}
 i - a potion of attraction
 n - a potion of degeneration {unknown}
 p - a potion of lignification {unknown}
 s - a potion of heal wounds {unknown}


   Skills:
 - Level 2.6 Fighting
 + Level 4.0 Maces & Flails
 + Level 3.7 Throwing
 - Level 2.6 Dodging


You had 3 spell levels left.
You didn't know any spells.
Your spell library contained the following spells:

 Spells                   Type           Power      Damage    Failure   Level
 Frozen Ramparts          Ice            0%         1d1       77%         3
 Ice Form                 Ice/Tmut       0%         N/A       99%         4
 Summon Ice Beast         Ice/Summ       0%         N/A       99%         4


Dungeon Overview and Level Annotations

Branches:
Dungeon (3/15)              Sewer (1/1)

Altars:


Innate Abilities, Weirdness & Mutations

You are too large for most types of armour.
You have tough skin. (AC +1)


Message History

The river rat misses you. The river rat bites you.
Your river rat barely misses the river rat.
Your river rat bites the river rat.
The river rat barely misses you. The river rat misses you.
You take 6 damage, and have 16/44 hp.
You hit the river rat but do no damage.
The river rat is heavily wounded.
The river rat closely misses you. The river rat barely misses you.
Your river rat closely misses the river rat.
You closely miss the river rat.
The river rat is heavily wounded.
The river rat barely misses you.
Your river rat closely misses the river rat.
The river rat bites you.
You take 2 damage, and have 15/44 hp.
You barely miss the river rat.
The river rat is heavily wounded.
The river rat bites you.
* * * LOW HITPOINT WARNING * * *
The river rat bites you.
* * * LOW HITPOINT WARNING * * *
Your river rat closely misses the river rat.
You take 8 damage, and have 7/44 hp.
You swap places.
The river rat bites you.
* * * LOW HITPOINT WARNING * * *
The river rat closely misses you.
Your river rat barely misses the river rat.
You take 1 damage, and have 6/44 hp.
The river rat attacks as you move away! The river rat bites you.
* * * LOW HITPOINT WARNING * * *
The river rat barely misses you.
Your river rat barely misses the river rat.
You take 2 damage, and have 4/44 hp.
Your river rat closely misses the river rat.
Okay, then.
It was a potion of attraction.
You feel attractive to monsters.
The river rat bites you but does no damage.
The river rat bites you.
You die...

#≈≈~~~~~.~~~~~~~~~~~~≈~#
#≈≈~###~≈~####~~####~≈~#
#≈≈~# #.≈~# #~~# #~≈~#
#≈≈~# #~≈~# #.~# #.≈~#
#≈≈.# #.≈~####~.# #~≈.#
#≈≈~# #~≈~##.#..# #.≈~#
#≈≈.# #~≈.##.'r.+ #~≈.#
#≈≈~# #~≈.##('rr+ #~≈.#
#≈≈.# #~≈~##.#.@# #~≈~#
#≈≈~# #~≈~####..# #~≈~#
#≈≈.# #~≈~# #..# #~≈~#
#≈≈~# #~≈~# #..# #~≈~#
#≈≈.# #~≈~# #..# #~≈~#
#≈≈~# #~≈.# +..+ #~≈.#
#≈≈~# #~≈~# +..+ #~≈~#
#≈≈~# #~≈~# #..# #~≈~#
#≈≈~# #~≈.# #..# #~≈~#


You could see 2 river rats and a friendly river rat (charmed).

Vanquished Creatures
  5 adders
  4 worms
  2 dart slugs
  3 ball pythons
  An endoplasm (D:1)
  4 giant cockroaches
  3 goblins
  3 hobgoblins
  A jackal (Sewer)
  6 quokkas
  7 bats
  5 frilled lizards
  3 kobolds
  5 rats
52 creatures vanquished.

Notes
Turn   | Place    | Note
-------+----------+-------------------------------------------
     0 | D:1      | KyoPewz the Ogre Gladiator began the quest for the Orb.
     0 | D:1      | Reached XP level 1. HP: 22/22 MP: 1/1
   246 | D:1      | Reached skill level 3 in Maces & Flails
   246 | D:1      | Reached XP level 2. HP: 29/29 MP: 2/2
   779 | D:2      | Reached XP level 3. HP: 36/36 MP: 3/3
  1005 | D:2      | Found a faded altar of an unknown god.
  1465 | D:3      | Found a glowing drain.
  1646 | D:3      | Reached XP level 4. HP: 27/44 MP: 4/4
  1730 | Sewer    | Entered a sewer
  2305 | Sewer    | Reached skill level 4 in Maces & Flails
  2505 | Sewer    | Slain by a river rat

Illustrated notes

Levels and vault maps discovered:
D:1:      saegor_arrival_simple_a, layout_loops_ring,
          chequers_serial_rivers_micro_d
D:2:      layout_loops_ring, shapermc_ecumenical_altar_mp_vishouse,
          minmay_ruptured
D:3:      layout_rooms, nicolae_overflow_ecumenical_swirl, portal_sewer_entry_f
Sewer:    sewer_fruit_machine

Skill      XL: |  1  2  3  4 |
---------------+-------------+-----
Maces & Flails | 3 4 |  4.0
Throwing       | 3 |  3.7
Fighting       | |  2.6
Dodging        | |  2.6

Action                     |  1- 3 |  4- 6 || total
---------------------------+-------+-------++-------
  Melee: Flail             |   119 |   100 ||   219
  Throw: Large rock        |       |     1 ||     1
  Evoke: Wand              |       |     1 ||     1
    Use: Potion            |       |     1 ||     1
 Armour: Robe              |    41 |    43 ||    84
  Dodge: Dodged            |    71 |    72 ||   143
